 Dungeon Crawl Stone Soup version 0.30.1-4-g462c640d31 (webtiles) character file.

Game seed: 15037260610600748096

42 bierschnitzel the Poker (level 3, 0/31 HPs)
             Began as a Gnoll Reaver on Aug 17, 2023.
             Succumbed to an adder's poison
             ... on level 2 of the Dungeon.
             The game lasted 00:10:28 (1082 turns).

bierschnitzel the Poker (Gnoll Reaver)              Turns: 1082, Time: 00:10:29

Health: 0/31       AC:  6    Str: 13    XL:     3   Next: 56%
Magic:  7/9        EV: 10    Int: 12    God:
Gold:   82         SH:  0    Dex: 10    Spells: 11/12 levels left

rFire   . . .        a - +0 spear
rCold   . . .        (no shield)
rNeg    . . .        c - +0 scale mail
rPois   .            (no helmet)
rElec   .            (no cloak)
rCorr   .            (no gloves)
SInv    .            (no boots)
Will    .....        (no amulet) Stlth
                     (no ring)
HPRegen 0.25/turn    (no ring)
MPRegen 0.11/turn

%: no passive effects
@: lethally poisoned (0 -> -14)
A: fangs 1, strong nose, distributed training
a: no special abilities


You were on level 2 of the Dungeon.
You visited 1 branch of the dungeon, and saw 2 of its levels.

You collected 82 gold pieces.

Inventory:

Hand Weapons
 a - a +0 spear (weapon)
 e - a +0 whip
 g - a +0 whip
 i - a +0 dagger
 j - a +0 whip
 l - a +0 short sword
 m - a +0 dagger
Missiles
 f - 35 stones
Armour
 b - a +0 leather armour
 c - a +0 scale mail (worn)
 h - a +0 ring mail
Jewellery
 o - a +4 ring of protection
Wands
 n - a wand of roots (13)
Scrolls
 p - 2 scrolls of identify {unknown}
Potions
 d - 2 potions of heal wounds {unknown}
 k - a potion of berserk rage {unknown}


   Skills:
 + Level 4.5 Fighting
 + Level 0.9 Short Blades
 + Level 0.9 Long Blades
 + Level 0.9 Axes
 + Level 0.9 Maces & Flails
 + Level 6.5 Polearms
 + Level 0.9 Staves
 + Level 0.9 Ranged Weapons
 + Level 0.9 Throwing
 + Level 0.9 Armour
 + Level 4.5 Dodging
 + Level 0.9 Stealth
 + Level 0.9 Shields
 + Level 0.9 Unarmed Combat
 + Level 5.0 Spellcasting
 + Level 5.4 Conjurations
 + Level 0.6 Hexes
 + Level 0.6 Summonings
 + Level 0.6 Necromancy
 + Level 0.6 Translocations
 + Level 0.6 Transmutations
 + Level 0.6 Fire Magic
 + Level 0.6 Ice Magic
 + Level 0.6 Air Magic
 + Level 0.6 Earth Magic
 + Level 0.6 Poison Magic
 + Level 1.0 Invocations
 + Level 0.9 Evocations


You had 11 spell levels left.
You knew the following spells:

 Your Spells              Type           Power      Damage    Failure   Level
a - Kiss of Death         Conj/Necr      40%        2d8       28%         1

Your spell library contained the following spells:

 Spells                   Type           Power      Damage    Failure   Level
 Momentum Strike          Conj/Tloc      20%        3d8       38%         2
 Hailstorm                Conj/Ice       10%        3d5       63%         3


Dungeon Overview and Level Annotations

Branches:
Dungeon (2/15)

Altars:


Innate Abilities, Weirdness & Mutations

You have very sharp teeth.
Your uncanny sense of smell can sniff out nearby items.
Your experience applies equally to all skills.


Message History

You kill Natasha!
Natasha yowls pathetically as she dies!
The cerulean imp disappears in a puff of smoke!
Your Spellcasting skill increases to level 5!
Your Invocations skill increases to level 1!
You have reached level 3!
Your experience leads to an increase in your attributes!
Increase (S)trength, (I)ntelligence, or (D)exterity?
Uppercase letters only, please.
You feel stronger. x2
Save game and exit? [Y]es or [N]o only, please.
Save game and exit?
Okay, then.
You miss the adder. The adder barely misses you.
You completely miss the adder. The adder bites you but does no damage.
You hit the adder but do no damage. Your bite misses the adder.
The adder bites you but does no damage.
You closely miss the adder. The adder bites you.
You are poisoned.
The adder poisons you!
You hit the adder.
The adder is moderately wounded.
You feel sick. The adder closely misses you.
You closely miss the adder.
The adder is moderately wounded.
The adder bites you.
* * * LOW HITPOINT WARNING * * *
You are lethally poisoned!
The adder poisons you!
You barely miss the adder. Your punch misses the adder.
The adder is moderately wounded.
* * * LOW HITPOINT WARNING * * *
You feel sick. The adder bites you.
* * * LOW HITPOINT WARNING * * *
You are more poisoned.
The adder poisons you!
You closely miss the adder.
The adder is moderately wounded.
You die...

## .. .# ## .# #.
####.##.# #.
.###########.@S....#
####.
..............#.#.....
#.... ####...####.##.#
### ##. #.....# ### .#
#.. ##.†.## .. # #..
##.## ## #.#.. #.# #.#
#.#.. #.# #.# #....
##'## ... ##...


You could see an adder.

Vanquished Creatures
  Natasha (D:2)
  An endoplasm (D:1)
  A giant cockroach (D:2)
  A hobgoblin (D:1)
  A quokka (D:1)
  2 bats
  3 frilled lizards (D:1)
  4 kobolds
  6 rats
20 creatures vanquished.

Notes
Turn   | Place    | Note
-------+----------+-------------------------------------------
     0 | D:1      | bierschnitzel the Gnoll Reaver began the quest for the Orb.
     0 | D:1      | Reached XP level 1. HP: 20/20 MP: 6/6
   367 | D:1      | Reached XP level 2. HP: 23/26 MP: 7/7
  1061 | D:2      | Noticed Natasha
  1074 | D:2      | Killed Natasha
  1075 | D:2      | Reached skill level 5 in Spellcasting
  1075 | D:2      | Reached skill level 1 in Invocations
  1075 | D:2      | Reached XP level 3. HP: 12/31 MP: 7/9
  1082 | D:2      | Succumbed to an adder's poison

Illustrated notes

Levels and vault maps discovered:
D:1:      psy_arrival_conway, layout_basic
D:2:      layout_loops_corners, uniq_natasha, uniq_crazy_yiuf_cottage

Skill      XL: |  1  2 |
---------------+-------+-----
Spellcasting   | 5 |  5.0
Invocations    | 1 |  1.0
Fighting       | |  4.5
Short Blades   | |  0.9
Long Blades    | |  0.9
Axes           | |  0.9
Maces & Flails | |  0.9
Polearms       | |  6.5
Staves         | |  0.9
Ranged Weapons | |  0.9
Throwing       | |  0.9
Armour         | |  0.9
Dodging        | |  4.5
Stealth        | |  0.9
Shields        | |  0.9
Unarmed Combat | |  0.9
Conjurations   | |  5.4
Hexes          | |  0.6
Summonings     | |  0.6
Necromancy     | |  0.6
Translocations | |  0.6
Transmutations | |  0.6
Fire Magic     | |  0.6
Ice Magic      | |  0.6
Air Magic      | |  0.6
Earth Magic    | |  0.6
Poison Magic   | |  0.6
Evocations     | |  0.9

Action                     || total
---------------------------++-------
  Melee: Spear             ||    82
         Bite              ||     7
         Punch             ||     2
 Armour: Scale mail        ||    33
  Dodge: Dodged            ||    26
